 Dungeon Crawl Stone Soup version 0.30-a0-134-gb40fab5c76 (webtiles) character file.

Game seed: 7051179255627804612

235 bande the Chopper (level 6, -1/53 HPs)
             Began as a Hill Orc Fighter on Sept 19, 2022.
             Slain by an ice beast (14 damage)
             ... on level 4 of the Dungeon on Sept 20, 2022.
             The game lasted 00:03:49 (2943 turns).

bande the Chopper (Hill Orc Fighter)                Turns: 2943, Time: 00:03:49

Health: -1/53      AC:  7    Str: 19    XL:     6   Next: 6%
Magic:  6/6        EV:  9    Int:  8    God:
Gold:   163        SH:  4    Dex: 12    Spells: 5/5 levels left

rFire   . . .      SeeInvis .    a - +0 war axe
rCold   . . .      Faith    .    c - +0 buckler
rNeg    . . .      Spirit   .    b - +0 scale mail
rPois   .          Reflect  .    (no helmet)
rElec   .          Harm     .    (no cloak)
rCorr   .          Rampage  .    (no gloves)
Will    .....                    (no boots)
Stlth   ..........               (no amulet)
HPRegen 0.17/turn                (no ring)
MPRegen 0.10/turn                (no ring)

@: no status effects
A: no striking features
a: no special abilities


You were on level 4 of the Dungeon.
You visited 1 branch of the dungeon, and saw 4 of its levels.

You collected 163 gold pieces.

Inventory:

Hand Weapons
 a - a +0 war axe (weapon)
Armour
 b - a +0 scale mail (worn)
 c - a +0 buckler (worn)
Scrolls
 e - 5 scrolls of identify {unknown}
 i - 2 scrolls of teleportation {unknown}
 j - a scroll of torment {unknown}
 l - a scroll of fear {unknown}
 m - 2 scrolls of blinking {unknown}
 n - a scroll of amnesia {unknown}
 o - a scroll of poison {unknown}
Potions
 d - a potion of might
 f - a potion of resistance {unknown}
 g - a potion of ambrosia {unknown}
 h - a potion of cancellation {unknown}
 k - 2 potions of curing {unknown}
 p - a potion of attraction {unknown}


   Skills:
 + Level 4.4 Fighting
 + Level 5.8 Axes
 + Level 4.8 Armour
 + Level 3.8 Shields


You had 5 spell levels left.
You didn't know any spells.
Your spell library was empty.

Dungeon Overview and Level Annotations

Branches:
Dungeon (4/15)
 Temple: D:4-7

Altars:

Shops:
D:2 :   D:3 =


Message History

A howler monkey comes into view.
The howler monkey howls!
The howler monkey hoots and howls with incredible vigour!
You see here a scroll labelled SIGUVA YKLOTH.
The howler monkey hoots and howls with incredible vigour!
An ice beast comes into view.
You closely miss the howler monkey. The howler monkey barely misses you.
The howler monkey hits you.
You hit the howler monkey.
The howler monkey is lightly wounded.
The howler monkey hits you but does no damage.
You hit the howler monkey.
The howler monkey is moderately wounded.
The howler monkey closely misses you.
The howler monkey hits you but does no damage.
You barely miss the howler monkey.
The howler monkey is moderately wounded.
You closely miss the ice beast. The ice beast barely misses you.
The howler monkey hits you.
You hit the howler monkey.
The howler monkey is moderately wounded.
You closely miss the ice beast.
The howler monkey hoots and howls with incredible vigour!
The ice beast barely misses you. The howler monkey closely misses you.
The ice beast closely misses you.
You slash the howler monkey!
The howler monkey is almost dead.
You hit the ice beast. You block the howler monkey's attack.
The ice beast hits you. The ice beast freezes you!
You slash the howler monkey!
You kill the howler monkey!
You hit the ice beast. The ice beast hits you. The ice beast freezes you!
* * * LOW HITPOINT WARNING * * *
You have reached level 6!
You barely miss the ice beast.
The ice beast is lightly wounded.
The ice beast hits you.
* * * LOW HITPOINT WARNING * * *
The ice beast freezes you!
You die...

# #....# #.......... #
#....# #####.###..
#####....# ###########
#.# #.# .........#
#...>.....# #.# #.#
#.######## #.........#
#.# #.# #.# #.........#
#.# #.# #.#######
#.........# #.# #.#
#.#.....# #.....Y...###
#.# #..
#.#.....####....@†......
#.# ###
#............?..^....###
#############+#####+##


You could see an ice beast.

Vanquished Creatures
  Pargi (D:3)
  A howler monkey (D:4)
  3 adders
  2 dart slugs
  6 ball pythons
  7 bats
  6 endoplasms
  2 giant cockroaches
  12 goblins
  4 hobgoblins
  4 jackals (D:1)
  3 quokkas
  5 frilled lizards
  11 kobolds
  6 rats
73 creatures vanquished.

Notes
Turn   | Place    | Note
-------+----------+-------------------------------------------
     0 | D:1      | bande the Hill Orc Fighter began the quest for the Orb.
     0 | D:1      | Reached XP level 1. HP: 19/19 MP: 1/1
    13 | D:1      | You fall into a shaft and drop 1 floor!
    69 | D:1      | Reached XP level 2. HP: 19/27 MP: 2/2
   194 | D:1      | Reached skill level 3 in Axes
   372 | D:1      | Reached XP level 3. HP: 33/33 MP: 3/3
   833 | D:2      | Found Vaar's Book Shoppe.
   968 | D:2      | Reached skill level 4 in Axes
   972 | D:2      | Identified the +9 trident of Citwyzeh {speed, rN+ Will+
                  | Dex+7}
   988 | D:2      | Reached XP level 4. HP: 40/40 MP: 4/4
  1308 | D:3      | Found Osougoen's Jewellery Shoppe.
  1314 | D:3      | Upgraded the game from 0.30-a0-125-g51eefa89be to
                  | 0.30-a0-134-gb40fab5c76
  1347 | D:3      | Found a faded altar of an unknown god.
  1757 | D:3      | Noticed Pargi
  1769 | D:3      | Killed Pargi
  1770 | D:3      | Reached skill level 5 in Axes
  1770 | D:3      | Reached XP level 5. HP: 16/47 MP: 5/5
  2934 | D:4      | Noticed an ice beast
  2943 | D:4      | Reached XP level 6. HP: 14/53 MP: 6/6
  2943 | D:4      | Slain by an ice beast

Illustrated notes

Levels and vault maps discovered:
D:1:      tarquinn_simple_flora_water_e, layout_rooms
D:2:      layout_rooms, serial_shops, nicolae_shop_trees
D:3:      layout_basic, serial_shops, shop, hellmonk_ecumenical_altar_run_dry,
          minmay_misc_feat_pillars, hangedman_feature_mirror,
          minmay_misc_feat_five, uniq_pargi
D:4:      layout_basic, ebering_ghost_rock_garden

Skill      XL: |  1  2  3  4 |
---------------+-------------+-----
Axes           | 3 4 5 |  5.8
Armour         | 4 |  4.8
Fighting       | 4 |  4.4
Shields        | |  3.8

Action                   |  1- 3 |  4- 6 || total
-------------------------+-------+-------++-------
Melee: War axe           |   114 |    97 ||   211
Armor: Scale mail        |    73 |    60 ||   133
Dodge: Dodged            |    54 |    51 ||   105
Block: Buckler           |    30 |    21 ||    51

Table legend: (Time is in decaauts)
 A = Elapsed time spent in this place.
 B = Non-inter-level travel time spent in this place.
 C = Inter-level travel time spent in this place.
 D = Time resting spent in this place.
 E = Time spent auto-exploring this place.
 F = Levels seen in this place.
 G = Mean time per level.
                   A        B        C        D        E       F      G
               +--------+--------+--------+--------+--------+-----+--------+
         Total |   3016 |   2976 |     40 |    401 |   1989 |   4 |  754.0 |
       Dungeon |   3016 |   2976 |     40 |    401 |   1989 |   4 |  754.0 |
               +--------+--------+--------+--------+--------+-----+--------+

Top non-repeatable levels by time:
     D:3: 1406 daAuts
     D:1: 756 daAuts
     D:2: 544 daAuts
     D:4: 309 daAuts
